AoeStats
← | | 1 8 6 0 | |

Arena

505202389Analyzed
2v2 RM · 24d ago on Sep 8, 2026· 40m 53s· 4 players
Game mode
Random Map
Map size
Medium (4 player)
Population
200
Speed
Normal
Resources
Standard
Victory
Conquest
Starting age
Dark Age
Ending age
Imperial Age
RankedLock teamsTeams togetherTeam positionsShared explorationLock speedFull tech treeHidden civsTurbo modeCheats
Victory
Defeat
🇩🇪 Teutons · Germany
1085
+14
🇩🇪 Japanese · Germany
1085
+14
🇹🇼 Bohemians · Taiwan
1063
-16
🇫🇷 Saracens · France
1000
-38
Anth.OG
16:12 Feudal Age
19:08 Wheelbarrow
23:20 Double-Bit Axe
26:56 Horse Collar
35:49 Castle Age
34:53 Gold Mining
36:49 Hand Cart
37:42 Bow Saw
LoveCreamPie
10:38 Feudal Age
15:04 Castle Age
13:34 Double-Bit Axe
13:30 Horse Collar
16:18 Bow Saw
16:56 Fervor
20:18 Heavy Plow
24:10 Wheelbarrow
31:12 Imperial Age
28:35 Treadmill Crane
29:14 Padded Archer Armor
29:04 Fletching
29:25 Forging
29:15 Scale Mail Armor
29:46 Scale Barding Armor
30:40 Town Watch
30:40 Loom
31:06 Bodkin Arrow
31:11 Light Cavalry
32:27 Iron Casting
32:17 Leather Archer Armor
31:24 Crossbowman
33:07 Chemistry
32:28 Ballistics
33:43 Chain Barding Armor
32:45 Cavalier
33:25 Husbandry
36:05 Blast Furnace
36:35 Conscription
A$AP Rocky DBD
10:26 Feudal Age
11:29 Town Watch
12:19 Wheelbarrow
16:47 Castle Age
15:51 Horse Collar
15:58 Double-Bit Axe
16:06 Gold Mining
16:40 Fletching
18:31 Bow Saw
17:47 Elite Skirmisher
21:04 Hand Cart
22:03 Padded Archer Armor
22:37 Loom
23:20 Ballistics
23:40 Heavy Plow
25:12 Stone Mining
31:07 Imperial Age
29:07 Town Patrol
30:25 Bodkin Arrow
30:31 Scale Mail Armor
30:47 Leather Archer Armor
30:44 Forging
32:34 Chain Mail Armor
32:44 Capped Ram
33:43 Elite Teutonic Knight
34:44 Conscription
36:14 Chemistry
35:21 Siege Engineers
37:04 Masonry
38:58 Plate Mail Armor
39:04 Iron Casting
38:16 Gambesons
38:33 Squires
| | 1 8 6 0 | |
10:17 Feudal Age
14:14 Castle Age
12:14 Double-Bit Axe
13:09 Horse Collar
15:44 Bow Saw
19:20 Loom
21:31 Scale Mail Armor
23:06 Stone Mining
23:06 Gold Mining
24:19 Forging
24:26 Chain Mail Armor
25:33 Wheelbarrow
25:17 Squires
25:02 Arson
27:14 Iron Casting
28:37 Hand Cart
31:00 Imperial Age
28:44 Town Watch
29:05 Heavy Plow
31:02 Capped Ram
31:04 Elite Samurai
32:32 Plate Mail Armor
33:30 Blast Furnace
34:38 Fletching
36:25 Conscription
36:41 Hoardings
Connection lost

Rejoining the realm…

Still unreachable

The connection could not be restored.

Session expired

The server has moved on; the page needs a fresh start.